 Dungeon Crawl Stone Soup version 0.30-a0-845-g7c6808c8ce (webtiles) character file.

Game seed: 7116178172257162746

35 ZeroWinrate the Shield-Bearer (level 3, -18/36 HPs)
             Began as a Troll Fighter on Mar 3, 2023.
             Killed by an exploding dart slug (54 damage)
             ... ignited by their inner flame
             ... on level 2 of the Dungeon.
             The game lasted 00:00:56 (830 turns).

ZeroWinrate the Shield-Bearer (Troll Fighter)        Turns: 830, Time: 00:00:57

Health: -18/36     AC:  4    Str: 24    XL:     3   Next: 17%
Magic:  2/2        EV:  8    Int:  6    God:
Gold:   40         SH:  7    Dex:  9    Spells: 2/2 levels left

rFire   x . .      SeeInvis +    a - +0 war axe
rCold   + . .      Faith    .    c - +0 kite shield
rNeg    . . .      Spirit   .    b - +0 robe
rPois   .          Reflect  .    (helmet restricted)
rElec   .          Rampage  .    (no cloak)
rCorr   .                        (gloves unavailable)
Will    .....                    (boots unavailable)
Stlth   +                        (no amulet)
HPRegen 1.06/turn                l - ring of ice
MPRegen 0.08/turn                e - ring of see invisible

@: no status effects
A: large, unfitting armour, claws 3, regeneration 1, shaggy fur 1, tough skin 1
a: no special abilities


You were on level 2 of the Dungeon.
You visited 1 branch of the dungeon, and saw 2 of its levels.

You collected 40 gold pieces.

Inventory:

Hand Weapons
 a - a +0 war axe (weapon)
Armour
 b - a +0 robe (worn)
 c - a +0 kite shield (worn)
Magical Staves
 h - a staff of conjuration
Jewellery
 e - a ring of see invisible (right claw)
 l - a ring of ice (left claw)
Scrolls
 g - a scroll of teleportation {unknown}
 i - a scroll of torment {unknown}
 j - a scroll of immolation
 k - a scroll of enchant armour {unknown}
Potions
 d - a potion of might
 f - a potion of resistance {unknown}
 m - a potion of haste {unknown}


   Skills:
 + Level 2.8 Fighting
 + Level 2.3 Axes
 - Level 2.5 Dodging
 - Level 2.8 Shields


You had 2 spell levels left.
You didn't know any spells.
Your spell library was empty.

Dungeon Overview and Level Annotations

Branches:
Dungeon (2/15)

Altars:


Innate Abilities, Weirdness & Mutations

You are too large for most types of armour.
You have claws for hands.
Your natural rate of healing is unusually fast.
You are covered in fur. (AC +1)
You have tough skin. (AC +1)


Message History

You barely miss the hobgoblin.
The hobgoblin is moderately wounded.
The hobgoblin hits you.
You barely miss the hobgoblin.
The hobgoblin is moderately wounded.
You block the hobgoblin's attack. x2
You barely miss the hobgoblin.
The hobgoblin is moderately wounded.
The hobgoblin barely misses you.
A hobgoblin is nearby!
A hobgoblin is nearby!
A hobgoblin is nearby!
You barely miss the hobgoblin.
The hobgoblin is moderately wounded.
The hobgoblin hits you. x2
You hit the hobgoblin but do no damage. You block the hobgoblin's attack.
You slash the hobgoblin!
You kill the hobgoblin!
No target in view!
No target in view!
No target in view!
No target in view!
No target in view!
HP restored.
You open the door.
A dart slug comes into view.
As you read the scroll labelled XILAEX EHAS, it crumbles to dust.
The creatures around you are filled with an inner flame!
It was a scroll of immolation.
A dart slug is nearby!
There is an open door here.
The dart slug launches a dart at you. You block the slug dart.
You slash the dart slug!
Flame seeps out of the dart slug.
The dart slug is almost dead.
The dart slug is engulfed in blazing flames.
The dart slug explodes!
The fiery explosion engulfs you!!! The fire burns you terribly!
Ouch! That really hurt!
You die...

## #.#
..#######.####
............#### #
#.##.##.###....## #
#.##.##.# ####..# #
#.......#######'###
#
###..#####...##...#
# #.## #..###.#
######.# #@'...#
.......# #.§○§#####
#####..# ##.###
....#..# +.
.......##### #
......#....#
......#.####
......#.#..#
....###.#..#


There were no monsters in sight!

Vanquished Creatures
  An adder (D:2)
  2 dart slugs
  3 ball pythons
  2 endoplasms
  A giant cockroach (D:2)
  2 goblins (D:1)
  4 hobgoblins
  3 kobolds (D:1)
  3 bats
  3 frilled lizards
  A rat (D:2)
25 creatures vanquished.

Notes
Turn   | Place    | Note
-------+----------+-------------------------------------------
     0 | D:1      | ZeroWinrate the Troll Fighter began the quest for the Orb.
     0 | D:1      | Reached XP level 1. HP: 22/22 MP: 0/0
    46 | D:1      | Reached XP level 2. HP: 29/29 MP: 1/1
   313 | D:1      | Found a faded altar of an unknown god.
   589 | D:2      | Reached XP level 3. HP: 36/36 MP: 2/2
   830 | D:2      | Killed by an exploding dart slug... ignited by their inner
                  | flame

Illustrated notes

Levels and vault maps discovered:
D:1:      scummos_arrival_forest, layout_rooms, serial_curves, eino_curves_03,
          eino_curves_02, eino_curves_01,
          dreamdust_ecumenical_altar_hidden_monk_grotto
D:2:      minmay_chambers_of_ones, layout_loops_cross, basic_altar,
          minmay_misc_feat_columns

Skill      XL: |  1  2 |
---------------+-------+-----
Axes           | 2 |  2.3
Fighting       | |  2.8
Dodging        | |  2.5
Shields        | |  2.8

Action                     || total
---------------------------++-------
  Melee: War axe           ||    60
    Use: Scroll            ||     1
 Armour: Robe              ||    29
  Dodge: Dodged            ||    20
  Block: Kite shield       ||    29

Table legend: (Time is in decaauts)
 A = Elapsed time spent in this place.
 B = Non-inter-level travel time spent in this place.
 C = Inter-level travel time spent in this place.
 D = Time resting spent in this place.
 E = Time spent auto-exploring this place.
 F = Levels seen in this place.
 G = Mean time per level.
                   A        B        C        D        E       F      G
               +--------+--------+--------+--------+--------+-----+--------+
         Total |    860 |    840 |     20 |      0 |    669 |   2 |  430.0 |
       Dungeon |    860 |    840 |     20 |      0 |    669 |   2 |  430.0 |
               +--------+--------+--------+--------+--------+-----+--------+

Top non-repeatable levels by time:
     D:1: 572 daAuts
     D:2: 288 daAuts
